| TOP OF THE 1ST |
|
Pensacola Blue Wahoos batting - Pitching for Altoona Curve : LHP Ryan Rakoff
|
|
Pitching: LHP Ryan Rakoff
|
|
|
Batting: SHB Bryan Johnston
|
0-0: Ball 1-0: Fly out, F7 (Flyball, 7D, EV 82.5 MPH)
|
|
Batting: RHB Dusty Pollert
|
0-0: Called Strike 0-1: Ball 1-1: Ball 2-1: Ground out 3-1 (Groundball, 34S, EV 68.8 MPH)
|
|
Batting: RHB David Clough
|
0-0: Called Strike 0-1: Fly out, F6 (Popup, 6MD, EV 53.8 MPH)
|
| Top of the 1st over - 0 runs, 0 hits, 0 errors, 0 left on base; Pensacola 0 - Altoona 0 |
| BOTTOM OF THE 1ST |
|
Altoona Curve batting - Pitching for Pensacola Blue Wahoos : RHP Matt Moffat
|
|
Pitching: RHP Matt Moffat
|
|
|
Batting: RHB Ron Corn
|
0-0: Foul Ball, location: 2F 0-1: Foul Ball, location: 2F 0-2: Ball 1-2: Ball 2-2: Foul Ball, location: 2F 2-2: Foul Ball, location: 2F 2-2: Foul Ball, location: 2F 2-2: Strikes out looking
|
|
Batting: LHB Jesse Henly
|
0-0: Hit by Pitch
|
|
Batting: RHB Jose Almonte
|
0-0: Ball 1-0: Foul Ball, location: 2F 1-1: Called Strike 1-2: Fly out, F4 (Line Drive, 4, EV 73.8 MPH)
|
|
Batting: RHB Zach Chmieleski
|
0-0: Ball 1-0: Ball 2-0: Fly out, F7 (Flyball, 7, EV 90.6 MPH)
|
| Bottom of the 1st over - 0 runs, 0 hits, 0 errors, 1 left on base; Pensacola 0 - Altoona 0 |
| TOP OF THE 2ND |
|
Pensacola Blue Wahoos batting - Pitching for Altoona Curve : LHP Ryan Rakoff
|
|
Batting: RHB Juan Reyes
|
0-0: Ball 1-0: Ball 2-0: Called Strike 2-1: Ball 3-1: SINGLE (Groundball, 6MS, EV 69.4 MPH) (infield hit)
|
|
Batting: LHB Leo Gomez
|
0-0: Ball 1-0: Swinging Strike 1-1: Fly out, F6 (Line Drive, 6M, EV 74.4 MPH)
|
|
Batting: SHB Kristian Kristensen
|
0-0: SINGLE (Line Drive, 4D, EV 98.8 MPH) Juan Reyes to second
|
|
Batting: RHB Ben Hinman
|
0-0: Ball 1-0: Swinging Strike 1-1: Foul Ball, location: 2F 1-2: Grounds into double play, 6-4-3 (Groundball, 6, EV 103.8 MPH)
|
| Top of the 2nd over - 0 runs, 2 hits, 0 errors, 1 left on base; Pensacola 0 - Altoona 0 |
| BOTTOM OF THE 2ND |
|
Altoona Curve batting - Pitching for Pensacola Blue Wahoos : RHP Matt Moffat
|
|
Batting: SHB Jerry Massey
|
0-0: Ball 1-0: Called Strike 1-1: Foul Ball, location: 2F 1-2: Strikes out swinging
|
|
Batting: RHB Chris Pozzi
|
0-0: Ball 1-0: Ball 2-0: Foul Ball, location: 2F 2-1: Called Strike 2-2: Ball 3-2: Foul Ball, location: 2F 3-2: TRIPLE (Flyball, 89XD, EV 105.6 MPH)
|
|
Batting: RHB Killian Jones
|
0-0: Ball 1-0: Ball 2-0: Called Strike 2-1: Swinging Strike 2-2: Ball 3-2: Foul Ball, location: 2F 3-2: Strikes out looking
|
|
Batting: RHB Chris Beckham
|
0-0: Ball 1-0: Ball 2-0: Ball 3-0: Called Strike 3-1: Foul Ball, location: 2F 3-2: Ground out 4-3 (Groundball, 4S, EV 87.5 MPH)
|
| Bottom of the 2nd over - 0 runs, 1 hit, 0 errors, 1 left on base; Pensacola 0 - Altoona 0 |
| TOP OF THE 3RD |
|
Pensacola Blue Wahoos batting - Pitching for Altoona Curve : LHP Ryan Rakoff
|
|
Batting: LHB Nick Nino
|
0-0: Foul Ball, location: 2F 0-1: Fly out, F8 (Flyball, 8LD, EV 88.1 MPH)
|
|
Batting: LHB Akira Yamano
|
0-0: Ball 1-0: Foul Ball, location: 2F 1-1: Swinging Strike 1-2: Strikes out looking
|
|
Batting: SHB Bryan Johnston
|
0-0: Swinging Strike 0-1: Ball 1-1: Swinging Strike 1-2: Foul Ball, location: 2F 1-2: Ball 2-2: Ball 3-2: Strikes out swinging
|
| Top of the 3rd over - 0 runs, 0 hits, 0 errors, 0 left on base; Pensacola 0 - Altoona 0 |
| BOTTOM OF THE 3RD |
|
Altoona Curve batting - Pitching for Pensacola Blue Wahoos : RHP Matt Moffat
|
|
Batting: RHB Pleun Smit
|
0-0: Ground out 5-3 (Groundball, 56, EV 83.1 MPH)
|
|
Batting: RHB Ron Corn
|
0-0: Foul Ball, location: 2F 0-1: Ground out U3 (Groundball, 13, EV 83.1 MPH)
|
|
Batting: LHB Jesse Henly
|
0-0: Foul Ball, location: 2F 0-1: Called Strike 0-2: Ball 1-2: Ball 2-2: Fly out, F8 (Flyball, 8RD, EV 105.0 MPH)
|
| Bottom of the 3rd over - 0 runs, 0 hits, 0 errors, 0 left on base; Pensacola 0 - Altoona 0 |
| TOP OF THE 4TH |
|
Pensacola Blue Wahoos batting - Pitching for Altoona Curve : LHP Ryan Rakoff
|
|
Batting: RHB Dusty Pollert
|
0-0: Ball 1-0: Foul Ball, location: 2F 1-1: Foul Ball, location: 2F 1-2: Ball 2-2: Ball 3-2: Fly out, F7 (Line Drive, 7, EV 99.4 MPH)
|
|
Batting: RHB David Clough
|
0-0: Called Strike 0-1: Hit by Pitch
|
|
Batting: RHB Juan Reyes
|
0-0: Grounds into double play, 5-4-3 (Groundball, 56, EV 94.4 MPH)
|
| Top of the 4th over - 0 runs, 0 hits, 0 errors, 0 left on base; Pensacola 0 - Altoona 0 |
| BOTTOM OF THE 4TH |
|
Altoona Curve batting - Pitching for Pensacola Blue Wahoos : RHP Matt Moffat
|
|
Batting: RHB Jose Almonte
|
0-0: Ball 1-0: Ball 2-0: Ground out 4-3 (Groundball, 4MD, EV 77.5 MPH)
|
|
Batting: RHB Zach Chmieleski
|
0-0: Ground out 6-3 (Groundball, 6, EV 99.4 MPH)
|
|
Batting: SHB Jerry Massey
|
0-0: Fly out, F8 (Line Drive, 8LM, EV 90.0 MPH)
|
| Bottom of the 4th over - 0 runs, 0 hits, 0 errors, 0 left on base; Pensacola 0 - Altoona 0 |
| TOP OF THE 5TH |
|
Pensacola Blue Wahoos batting - Pitching for Altoona Curve : LHP Ryan Rakoff
|
|
Batting: LHB Leo Gomez
|
0-0: Called Strike 0-1: Fly out, F8 (Flyball, 8LS, EV 85.6 MPH)
|
|
Batting: SHB Kristian Kristensen
|
0-0: Called Strike 0-1: Ground out 4-3 (Groundball, 4M, EV 79.4 MPH)
|
|
Batting: RHB Ben Hinman
|
0-0: Ball 1-0: Ground out 4-3 (Groundball, 4MD, EV 101.9 MPH)
|
| Top of the 5th over - 0 runs, 0 hits, 0 errors, 0 left on base; Pensacola 0 - Altoona 0 |
| BOTTOM OF THE 5TH |
|
Altoona Curve batting - Pitching for Pensacola Blue Wahoos : RHP Matt Moffat
|
|
Batting: RHB Chris Pozzi
|
0-0: Ball 1-0: Called Strike 1-1: Ball 2-1: Called Strike 2-2: Foul Ball, location: 2F 2-2: SINGLE (Groundball, 5S, EV 71.9 MPH) (infield hit)
|
|
Batting: RHB Killian Jones
|
0-0: DOUBLE (Flyball, 78XD, EV 108.1 MPH) Chris Pozzi to third
|
|
Batting: RHB Chris Beckham
|
0-0: Ball 1-0: Ground out 6-3 (Groundball, 6S, EV 73.1 MPH) Chris Pozzi scores Killian Jones to third
|
|
Batting: RHB Pleun Smit
|
0-0: Called Strike 0-1: Called Strike 0-2: Ball 1-2: Ball 2-2: Ball 3-2: Ground out 5-3 (Groundball, 56S, EV 87.5 MPH) Killian Jones scores
|
|
Batting: RHB Ron Corn
|
0-0: Ball 1-0: Ball 2-0: SINGLE (Groundball, 25, EV 68.1 MPH) (infield hit)
|
|
Batting: LHB Jesse Henly
|
0-0: Ball 1-0: Called Strike 1-1: Ground out 6-3 (Groundball, 6MS, EV 62.5 MPH)
|
| Bottom of the 5th over - 2 runs, 3 hits, 0 errors, 1 left on base; Pensacola 0 - Altoona 2 |
| TOP OF THE 6TH |
|
Pensacola Blue Wahoos batting - Pitching for Altoona Curve : LHP Ryan Rakoff
|
|
Batting: LHB Nick Nino
|
0-0: Called Strike 0-1: Foul Ball, location: 2F 0-2: Ball 1-2: Ball 2-2: Ground out 6-3 (Groundball, 6, EV 91.9 MPH)
|
|
Batting: LHB Akira Yamano
|
0-0: Foul Ball, location: 2F 0-1: Ball 1-1: Foul Ball, location: 2F 1-2: Strikes out swinging
|
|
Batting: SHB Bryan Johnston
|
0-0: Ball 1-0: Ball 2-0: Swinging Strike 2-1: Foul Ball, location: 2F 2-2: Strikes out looking
|
| Top of the 6th over - 0 runs, 0 hits, 0 errors, 0 left on base; Pensacola 0 - Altoona 2 |
| BOTTOM OF THE 6TH |
|
Altoona Curve batting - Pitching for Pensacola Blue Wahoos : RHP Matt Moffat
|
|
Batting: RHB Jose Almonte
|
0-0: Called Strike 0-1: Swinging Strike 0-2: Ball 1-2: Hit by Pitch
|
|
Batting: RHB Zach Chmieleski
|
0-0: Called Strike 0-1: Ball 1-1: Called Strike 1-2: Ball 2-2: Fly out, F8 (Flyball, 8LD, EV 103.8 MPH)
|
|
Batting: SHB Jerry Massey
|
0-0: Foul Ball, location: 2F 0-1: Foul Ball, location: 2F 0-2: Ball 1-2: Grounds into double play, 6-4-3 (Groundball, 6, EV 91.9 MPH)
|
| Bottom of the 6th over - 0 runs, 0 hits, 0 errors, 0 left on base; Pensacola 0 - Altoona 2 |
| TOP OF THE 7TH |
|
Pensacola Blue Wahoos batting - Pitching for Altoona Curve : LHP Ryan Rakoff
|
|
Batting: RHB Dusty Pollert
|
0-0: Ball 1-0: Called Strike 1-1: Ball 2-1: Ball 3-1: Ground out 6-3 (Groundball, 6, EV 101.2 MPH)
|
|
Batting: RHB David Clough
|
0-0: Ball 1-0: Swinging Strike 1-1: Called Strike 1-2: SINGLE (Line Drive, 5D, EV 96.9 MPH)
|
|
Batting: RHB Juan Reyes
|
0-0: Ball 1-0: Fielders Choice at 2nd, 1-6 (Groundball, 23, EV 68.1 MPH)
|
|
Batting: LHB Leo Gomez
|
0-0: Called Strike 0-1: Foul Ball, location: 2F 0-2: Strikes out looking
|
| Top of the 7th over - 0 runs, 1 hit, 0 errors, 1 left on base; Pensacola 0 - Altoona 2 |
| BOTTOM OF THE 7TH |
|
Altoona Curve batting - Pitching for Pensacola Blue Wahoos : RHP Matt Moffat
|
|
Batting: RHB Chris Pozzi
|
0-0: SINGLE (Groundball, 4D, EV 103.8 MPH)
|
|
Batting: RHB Killian Jones
|
0-0: Ground out 4-3 (Groundball, 34S, EV 86.9 MPH) Chris Pozzi to second
|
|
Batting: RHB Chris Beckham
|
0-0: Intentional Walk
|
|
Batting: RHB Pleun Smit
|
0-0: Fly out, F9 (Flyball, 89M, EV 84.4 MPH)
|
|
Batting: RHB Ron Corn
|
0-0: Ball 1-0: Called Strike 1-1: Fly out, F7 (Flyball, 78M, EV 95.0 MPH)
|
| Bottom of the 7th over - 0 runs, 1 hit, 0 errors, 2 left on base; Pensacola 0 - Altoona 2 |
| TOP OF THE 8TH |
|
Pensacola Blue Wahoos batting - Pitching for Altoona Curve : LHP Ryan Rakoff
|
|
Batting: SHB Kristian Kristensen
|
0-0: Ground out 5-3 (Groundball, 56S, EV 90.0 MPH)
|
|
Batting: RHB Ben Hinman
|
0-0: Called Strike 0-1: Called Strike 0-2: Strikes out swinging
|
|
Batting: LHB Nick Nino
|
0-0: Ball 1-0: Foul Ball, location: 2F 1-1: Ground out 4-3 (Groundball, 4, EV 100.0 MPH)
|
| Top of the 8th over - 0 runs, 0 hits, 0 errors, 0 left on base; Pensacola 0 - Altoona 2 |
| BOTTOM OF THE 8TH |
|
Altoona Curve batting - Pitching for Pensacola Blue Wahoos : RHP Matt Moffat
|
|
Batting: LHB Jesse Henly
|
0-0: Ground out 6-3 (Groundball, 6M, EV 100.0 MPH)
|
|
Batting: RHB Jose Almonte
|
0-0: Ball 1-0: Called Strike 1-1: Foul Ball, location: 2F 1-2: Ground out 5-3 (Groundball, 5, EV 85.0 MPH)
|
|
Batting: RHB Zach Chmieleski
|
0-0: Fly out, F9 (Flyball, 9S, EV 85.6 MPH)
|
| Bottom of the 8th over - 0 runs, 0 hits, 0 errors, 0 left on base; Pensacola 0 - Altoona 2 |
| TOP OF THE 9TH |
|
Pensacola Blue Wahoos batting - Pitching for Altoona Curve : LHP Ryan Rakoff
|
|
Pitching: RHP Robby Poyfair
|
|
|
Now at 1B: Aito Harada
|
|
|
Batting: LHB Akira Yamano
|
0-0: Called Strike 0-1: Called Strike 0-2: Strikes out swinging
|
|
Batting: SHB Bryan Johnston
|
0-0: Ball 1-0: Called Strike 1-1: SINGLE (Groundball, 56S, EV 74.4 MPH) (infield hit)
|
|
Batting: RHB Dusty Pollert
|
0-0: Ball 1-0: Foul Ball, location: 2F 1-1: Foul Ball, location: 2F 1-2: Fielders Choice at 2nd, 4-6 (Groundball, 4, EV 86.9 MPH)
|
|
Batting: RHB David Clough
|
Balk! Dusty Pollert to second 0-0: Ball 1-0: SINGLE (Flyball, 8LS, EV 97.5 MPH) Dusty Pollert to third
|
|
Batting: RHB Juan Reyes
|
0-0: Ball 1-0: Ball 2-0: Fly out, F8 (Flyball, 8RD, EV 88.8 MPH)
|
| Top of the 9th over - 0 runs, 2 hits, 0 errors, 2 left on base; Pensacola 0 - Altoona 2 |
|